 Dungeon Crawl Stone Soup version 0.17-a0-986-gf45d1aa (webtiles) character file.

339001 Zwobot the Black Belt (level 21, -11/135 HPs)
             Began as a Tengu Monk on May 11, 2015.
             Was the Champion of Okawaru.
             Mangled by a jiangshi (12 damage)
             ... on level 1 of the Crypt.
             The game lasted 04:30:02 (50616 turns).

Zwobot the Black Belt (Tengu Monk)                 Turns: 50616, Time: 04:30:03

Health: -11/135    AC: 21    Str: 18    XL:     21   Next: 95%
Magic:  29/39      EV: 44    Int: 13    God:    Okawaru [******]
Gold:   886        SH:  0    Dex: 29    Spells: 9 memorised, 7 levels left

rFire  + + +     SeeInvis +       - Unarmed
rCold  + . .     Clarity  .     B - +3 ring mail of Hospitality {Contam rPois rF+++ MP+9}
rNeg   + . .     SustAb   .     (no shield)
rPois  +         Gourm    .     F - +2 hat
rElec  +         Spirit   .     d - +2 cloak {MR+}
rCorr  .         Warding  +     M - +2 pair of gloves {archery}
rMut   .         Stasis   .     (boots unavailable)
MR     ++...                    x - amulet of warding
Stlth  ++++......               u - ring of Uciw {Contam Str+4 Dex+7 Slay+2 SInv}
                                k - ring of protection from cold

@: heroism, flying quickly and evasively, repel missiles, quick, very resistant
to hostile enchantments, stealthy
A: beak, talons 3, deterioration 1, low mp 1, electricity resistance, MP-powered
wands, able to fly 2
a: Stop Flying, Heroism, Finesse, Renounce Religion
}: 2/15 runes: serpentine, barnacled


You were on level 1 of the Crypt.
You worshipped Okawaru.
Okawaru was exalted by your worship.
You were not hungry.

You visited 8 branches of the dungeon, and saw 41 of its levels.
You visited 1 bazaar.

You collected 4797 gold pieces.
You spent 3911 gold pieces at shops.

Inventory:

Hand weapons
 w - a +2 blowgun
Missiles
 T - 10 javelins of returning (quivered)
 U - 3 steel javelins
 V - 5 curare-tipped needles
 Y - 16 throwing nets
Armour
 d - a +2 cloak of magic resistance (worn)
 B - the +3 ring mail of Hospitality (worn) {Contam rPois rF+++ MP+9}
   (You found it on level 4 of the Shoals)

   It renders you almost immune to fire.
   It protects you from poison.
   It affects your magic capacity (+9).
   It causes magical contamination when unequipped.
 F - a +2 hat (worn)
 M - a +2 pair of gloves of archery (worn)
Jewellery
 k - a ring of protection from cold (left hand)
 u - the ring of Uciw (right hand) {Contam Str+4 Dex+7 Slay+2 SInv}
   (You bought it in a shop on level 2 of the Snake Pit)

   [ring of see invisible]

   It affects your strength (+4).
   It affects your dexterity (+7).
   It affects your accuracy and damage with ranged weapons and melee attacks
   (+2).
   It enhances your eyesight.
   It causes magical contamination when unequipped.
 x - an amulet of warding (around neck)
 y - the amulet "Xecidok" {Stasis +Fly Int+3}
   (You found it on level 3 of the Vaults)

   [amulet of stasis]

   It prevents you from being teleported, slowed, hasted or paralysed.
   It affects your intelligence (+3).
   It lets you fly.
 C - an uncursed amulet of regeneration
 K - an uncursed ring of protection from magic
 O - an uncursed ring of ice
Magical devices
 a - a wand of hasting (5)
 c - a wand of hasting (5)
 i - a wand of draining (2)
 o - a wand of cold (5)
 z - a wand of invisibility (5)
 I - a wand of disintegration (9)
 W - a wand of draining (2)
 X - a wand of teleportation (4)
 Z - a wand of digging (9)
Scrolls
 b - a scroll of fog
 f - 2 scrolls of fear
 g - a scroll of magic mapping
 m - 6 scrolls of recharging
 p - 3 scrolls of summoning
 q - 3 scrolls of teleportation
 r - 6 scrolls of identify
 t - 20 scrolls of remove curse
 v - 2 scrolls of blinking
 G - a scroll of amnesia
 J - 4 scrolls of silence
Potions
 e - 2 potions of agility
 j - 8 potions of might
 s - 6 potions of cancellation
 A - a potion of haste
 D - 3 potions of cure mutation
 E - 2 potions of magic
 H - 3 potions of invisibility
 L - 6 potions of curing
 N - a potion of resistance
 R - a potion of berserk rage
 S - 3 potions of brilliance
Books
 n - a book of Enchantments

   Spells                             Type                      Level
   a - Cause Fear                     Hexes                        4
   b - Silence                        Hexes/Air                    5
   c - Deflect Missiles               Charms/Air                   6
   d - Haste                          Charms                       6
   e - Discord                        Hexes                        8
Miscellaneous
 Q - a lamp of fire
Comestibles
 h - 19 meat rations
 l - 10 bread rations


   Skills:
 + Level 15.6(20.6) Fighting
 - Level 8.0(13.0) Throwing
 - Level 12.1(17.1) Armour
 - Level 20.1(25.1) Dodging
 - Level 5.0(10.0) Stealth
 + Level 20.2(25.2) Unarmed Combat
 - Level 8.0 Spellcasting
 * Level 3.0 Hexes
 - Level 6.0 Charms
 - Level 11.0 Necromancy
 + Level 9.2 Air Magic
 - Level 7.1 Invocations
 - Level 5.0 Evocations


You had 7 spell levels left.
You knew the following spells:

 Your Spells              Type           Power        Failure   Level  Hunger
a - Animate Skeleton      Necr           N/A          1%          1    None
b - Apportation           Tloc           #.........   21%         1    None
c - Blink                 Tloc           N/A          30%         2    None
d - Repel Missiles        Chrm/Air       ####..       1%          2    None
e - Regeneration          Chrm/Necr      ####......   1%          3    ##.....
f - Freezing Cloud        Conj/Ice/Air   ##........   100%        6    #######
g - Animate Dead          Necr           N/A          1%          4    ####...
h - Dispel Undead         Necr           ####....     8%          5    #####..
i - Silence               Hex/Air        ###.......   45%         5    #####..


Dungeon Overview and Level Annotations

Branches:
Dungeon (15/15)            Temple (1/1) D:7            Lair (8/8) D:8
 Shoals (4/4) Lair:6        Snake (4/4) Lair:5        Slime (0/6) Lair:7
    Orc (4/4) D:10            Elf (0/3) Orc:4        Vaults (4/5) D:13
  Crypt (1/3) Vaults:2     Depths (0/5) D:15

Altars:
Ashenzari
Cheibriados
Dithmenos
Elyvilon
Fedhas
Gozag
Kikubaaqudgha
Makhleb
Nemelex Xobeh
Okawaru
Qazlal
Ru
Sif Muna
Trog
Vehumet
Xom
Yredelemnul
Zin
The Shining One
Jiyva

Shops:
D:13 *((   Orc:1 ?   Orc:3 :   Orc:4 *?:*   Shoals:2 :   Shoals:3 [
Snake:1 }?%   Snake:2 %***   Vaults:3 =?}

Annotations:
D:4 ImmaFairy's ghost, average OpTm; Sigmund
D:6 1 exclusion
Shoals:1 exclusion: kraken
Shoals:2 exclusion: Roxanne, Roxanne


Innate Abilities, Weirdness & Mutations

You have a beak for a mouth.
You have claws for feet.
You can fly continuously.
Your body sometimes deteriorates upon taking damage.
Your magical capacity is low (-10% MP).
You are resistant to electric shocks.
You expend magic power (3 MP) to strengthen your wands.


Message History

You punch the jiangshi, but do no damage.
The jiangshi is lightly damaged.
Drink which item? (? for menu, Esc to quit)
Okay, then.
Cast which spell? (? or * to list)
Aiming: Dispel Undead
Press: ? - help, Shift-Dir - straight line, f - jiangshi
Aim: a jiangshi (lightly damaged)
The jiangshi convulses!
Casting: Dispel Undead
Confirm with . or Enter, or press ? or * to list all spells.
Aiming: Dispel Undead
Press: ? - help, Shift-Dir - straight line, f/p - jiangshi
Aim: a jiangshi (heavily damaged)
The jiangshi convulses!
The black bear skeleton completely misses you. x3
The jiangshi claws you!
* * * LOW HITPOINT WARNING * * *
The jiangshi claws you!
You die...

#.....# ....# ##...## .
.... #...#######'''####..
.... #....................
###..##...$.......⌠........
#^.........................
#...............##.###.....
#.....V.#........).)^..#...
#..z.#V@.........####...
#.#..#Z........## ..
#.#............###
#.#........###...##
#......#....##....# .
#........##.###...##...
#........##..##........
#........###.....####..
###...#....##....)......#


You could see a jiangshi and a black bear skeleton.

Vanquished Creatures
  Margery (Vaults:2)
  Jorgrun (Snake:2)
  Rupert (Orc:3)
  Asterion (Snake:2)
  Polyphemus (Shoals:4)
  A kraken (Shoals:2)
  Gastronok (Orc:1)
  An ancient champion (Crypt:1)
  Kirke (Lair:8)
  3 deep elf sorcerers
  Ilsuiw (Shoals:4)
  12 greater nagas
  A fire giant (Vaults:1)
  11 vault wardens
  Maud (Lair:4)
  2 frost giants (Vaults:4)
  Aizul (Snake:2)
  Louise (D:14)
  A curse skull (Crypt:1)
  2 ghouls (Crypt:1)
  14 ironheart preservers
  6 stone giants
  Nessos (Lair:5)
  2 deep elf demonologists
  A deep elf annihilator (Vaults:4)
  Azrael (D:13)
  3 ettins
  Snorg (D:14)
  A merfolk javelineer (Shoals:4)
  An eidolon (Crypt:1)
  6 vault guards
  2 jiangshi
  Josephine (D:13)
  7 merfolk impalers
  8 yaktaur captains
  3 fire dragons
  2 great orbs of eyes
  A rakshasa (D:14)
  8 hydras
  3 ice dragons
  Harold (Orc:3)
  22 naga warriors
  2 catoblepae
  10 death yaks
  3 salamander stormcallers
  5 merfolk avatars
  4 ogre magi
  2 alligator snapping turtles
  5 merfolk aquamancers
  13 anacondas
  A satyr (Shoals:4)
  A tengu warrior (D:14)
  The ghost of asdu the Martial Artist, an experienced DsWn of Okawaru (Lair:1)
  12 centaur warriors
  3 deep troll earth magi
  A deep troll shaman (Lair:8)
  Urug (Orc:2)
  2 deep elf knights
  3 hell knights (Vaults:2)
  Nergalle (Lair:4)
  9 naga sharpshooters
  9 shock serpents
  A sea snake (shapeshifter) (D:13)
  2 unseen horrors
  10 skeletal warriors
  18 sea snakes
  A giant orange brain (Vaults:1)
  5 phantasmal warriors
  2 salamander mystics
  A giant orange brain (shapeshifter) (Vaults:4)
  2 naga ritualists (Snake:4)
  7 deep trolls
  11 ironbrand convokers
  A lindwurm (Lair:7)
  A tengu zombie (Vaults:4)
  A deep elf conjurer (Vaults:4)
  4 orc sorcerers
  13 hill giants
  3 necromancers
  A wizard (Vaults:2)
  2 deep elf summoners
  A wolf spider zombie (D:13)
  10 griffons
  5 fauns
  4 wolf spiders
  3 harpies (Shoals:4)
  6 manticores
  2 human zombies
  5 mana vipers
  20 ugly things
  9 salamanders
  10 orc knights
  A moth of wrath (shapeshifter) (Vaults:1)
  3 water nymphs
  8 cyclopes
  14 elephants
  A hornet (Vaults:1)
  13 sirens
  A draconian (shapeshifter) (Vaults:2)
  11 vault sentinels
  Maurice (Orc:2)
  2 centaur zombies
  An octopode (shapeshifter) (D:13)
  8 human skeletons
  Joseph (D:7)
  A black mamba (shapeshifter) (Vaults:1)
  15 spiny frogs
  10 guardian serpents
  A spiny frog (shapeshifter) (Vaults:4)
  32 black mambas
  2 torpor snails
  An orange crystal statue (Vaults:2)
  20 naga magi
  6 komodo dragons
  5 centaur skeletons
  A komodo dragon (shapeshifter) (Vaults:1)
  41 yaktaurs
  An elf (shapeshifter) (Vaults:1)
  3 jumping spiders
  7 fire drakes
  A kobold demonologist (D:14)
  4 deep elf priests
  A guardian mummy (Crypt:1)
  A queen bee (shapeshifter) (D:15)
  2 tengu conjurers
  An efreet (D:14)
  9 trolls
  A harpy zombie (D:14)
  29 merfolk
  6 two-headed ogres
  6 polar bears
  A queen bee (D:9)
  A bog body (Crypt:1)
  4 freezing wraiths
  2 wind drakes (Shoals:4)
  2 boulder beetles
  9 blink frogs
  7 snapping turtles
  5 ravens
  2 ettin zombies
  18 slime creatures
  7 deep elf magi
  A spriggan (shapeshifter) (Vaults:3)
  A redback (shapeshifter) (Vaults:3)
  4 redbacks
  8 water elementals
  4 flying skulls (Crypt:1)
  A hippogriff (shapeshifter) (D:15)
  12 wraiths
  2 fire elementals (D:13)
  5 basilisks
  7 deep elf fighters
  A hungry ghost (D:13)
  3 wyverns
  2 hogs (Lair:8)
  2 vampires
  A hog (shapeshifter) (Vaults:2)
  12 hippogriffs
  A steam dragon (D:8)
  8 vampire mosquitoes
  69 yaks
  57 nagas
  21 wolves
  2 mottled dragons
  6 hell hounds (D:13)
  19 water moccasins
  2 soldier ants (shapeshifter) (D:15)
  Duvessa (D:4)
  42 orc warriors
  4 wargs
  A dwarf (shapeshifter) (Vaults:2)
  12 porcupines
  An eye of draining (D:12)
  6 boggarts
  2 necrophages
  4 phantoms
  4 sky beasts
  2 black bears
  14 ogres
  An ettin simulacrum (Vaults:2)
  A swamp dragon zombie (Crypt:1)
  2 ice beasts
  21 crocodiles
  23 centaurs
  5 big kobolds
  13 giant frogs
  A water moccasin zombie (D:6)
  Dowan (D:4)
  6 scorpions
  A boulder beetle zombie (Vaults:2)
  19 killer bees (D:9)
  3 lava snakes
  7 wights
  3 electric eels
  2 giant frog zombies
  7 crimson imps
  7 jellies
  31 orc wizards
  18 orc priests
  2 quasits (D:14)
  Ijyb (D:2)
  11 hounds
  8 iguanas
  3 giant frog skeletons
  16 sheep
  2 hell rats (Lair:7)
  7 worker ants
  A hound zombie (D:5)
  A hound skeleton (D:8)
  4 mummies (Crypt:1)
  A worker ant zombie (D:6)
  3 gnolls (D:10)
  20 adders
  65 river rats
  2 oozes
  2 worms (D:2)
  7 giant geckos
  194 orcs
  A bat zombie (Crypt:1)
  5 giant cockroaches
  24 goblins
  23 hobgoblins
  3 jackals (D:5)
  4 quokkas
  A ball python (Lair:5)
  10 bats
  A giant gecko zombie (D:7)
  4 giant newts
  4 giant spores
  26 kobolds
  A quokka zombie (D:8)
  9 rats
  A spectral orc (D:6)
  37 ballistomycetes
  A butterfly (Lair:2)
  2 crawling corpses (Vaults:4)
  2 fungi
  2 tentacles (Shoals:2)
1746 creatures vanquished.

Vanquished Creatures (collateral kills)
  Saint Roka (Snake:4)
  The ghost of Viceroy the Peltast, a mighty MiFi of Ru (Shoals:3)
  A vault warden (Vaults:1)
  An ironheart preserver (Vaults:2)
  A fire dragon (Vaults:4)
  2 merfolk impalers (Shoals:4)
  A naga warrior (Snake:4)
  A hydra (Lair:8)
  A centaur warrior (Vaults:2)
  2 anacondas
  2 merfolk aquamancers (Shoals:4)
  2 sea snakes (Snake:4)
  A hill giant (D:11)
  A naga ritualist (Snake:4)
  2 griffons
  A harpy (Shoals:4)
  A necromancer (Vaults:2)
  3 mana vipers
  An elephant (Lair:4)
  A siren (Shoals:4)
  A naga mage (Snake:4)
  4 black mambas
  2 spiny frogs
  A komodo dragon (Lair:7)
  2 deep elf priests
  2 yaktaurs
  A wind drake (Shoals:4)
  2 merfolk (Shoals:4)
  A polar bear (shapeshifter) (D:15)
  A snapping turtle (Shoals:4)
  A shadow (D:13)
  A tarantella (Vaults:4)
  A water elemental (Shoals:4)
  A basilisk (Lair:5)
  A yak (Lair:4)
  3 deep elf fighters
  A wolf (Lair:8)
  A vampire mosquito (Vaults:2)
  5 nagas
  2 orc warriors
  A crocodile (Lair:8)
  A giant frog (D:12)
  An orc priest (Vaults:2)
  An iguana (Lair:5)
  A river rat (Lair:7)
  3 orcs
  2 fungi
  A plant (Lair:8)
72 creatures vanquished.

Vanquished Creatures (others)
  Asterion (Snake:2)
  An anaconda (Snake:2)
  A salamander stormcaller (Vaults:3)
  7 drowned souls (Shoals:4)
  A yaktaur (Vaults:4)
  2 fire vortices (Vaults:3)
  A human (Lair:8)
  6 fire elementals
  A centaur (shapeshifter) (Vaults:2)
  A lost soul (Crypt:1)
  A centaur (Vaults:2)
  A giant frog (D:13)
  A giant spore (D:11)
  A fungus (Lair:4)
  3 plants
  14 tentacles (Shoals:2)
  570 tentacle segments (Shoals:2)
613 creatures vanquished.

Grand Total: 2431 creatures vanquished

Notes
Turn   | Place    | Note
--------------------------------------------------------------
     0 | D:1      | Zwobot the Tengu Monk began the quest for the Orb.
     0 | D:1      | Reached XP level 1. HP: 14/14 MP: 2/2
   182 | D:1      | Reached XP level 2. HP: 16/19 MP: 3/3
   360 | D:1      | Reached skill level 5 in Unarmed Combat
   424 | D:1      | Reached XP level 3. HP: 14/23 MP: 4/4
  1379 | D:1      | Reached skill level 6 in Unarmed Combat
  1379 | D:1      | Reached XP level 4. HP: 28/28 MP: 5/5
  2205 | D:2      | Noticed Ijyb
  2220 | D:2      | Killed Ijyb
  2361 | D:3      | Gained mutation: You can fly. [Tengu growth]
  2361 | D:3      | Reached XP level 5. HP: 32/32 MP: 6/6
  2495 | D:3      | Found a sparkling altar of Nemelex Xobeh.
  2866 | D:3      | Reached skill level 7 in Unarmed Combat
  2984 | D:4      | Noticed Duvessa
  2993 | D:4      | Noticed Dowan
  3019 | D:4      | Killed Duvessa
  3019 | D:4      | Reached XP level 6. HP: 24/37 MP: 7/7
  3130 | D:4      | Killed Dowan
  3130 | D:4      | Reached skill level 8 in Unarmed Combat
  4055 | D:4      | Noticed Sigmund
  4091 | D:4      | Noticed ImmaFairy's ghost (average OpTm)
  4107 | D:5      | Entered Level 5 of the Dungeon
  4257 | D:5      | Reached XP level 7. HP: 24/41 MP: 8/8
  4752 | D:5      | Reached skill level 9 in Unarmed Combat
  5872 | D:6      | Reached XP level 8. HP: 42/48 MP: 9/9
  6123 | D:6      | Reached skill level 10 in Unarmed Combat
  6175 | D:6      | Found a basalt altar of Yredelemnul.
  6238 | D:6      | Found a sacrificial altar of Ru.
  6248 | D:6      | Found a glowing golden altar of the Shining One.
  6280 | D:6      | Reached skill level 5 in Dodging
  6603 | D:7      | Reached skill level 5 in Fighting
  7059 | D:7      | Found Tezubit's Antique Armour Shoppe.
  7284 | D:7      | Reached XP level 9. HP: 44/54 MP: 10/10
  7371 | D:7      | You fall through a shaft for 2 floors!
  7413 | D:8      | Reached skill level 11 in Unarmed Combat
  7616 | D:7      | Found a staircase to the Ecumenical Temple.
  7625 | Temple   | Entered the Ecumenical Temple
  7692 | Temple   | Became a worshipper of Warmaster Okawaru
  7692 | Temple   | Acquired Okawaru's first power
  8043 | D:7      | Noticed Joseph
  8068 | D:7      | Killed Joseph
  8199 | D:8      | Found a staircase to the Lair.
  8200 | D:8      | Noticed a fire drake
  8216 | D:8      | Killed a fire drake
  8700 | D:8      | Reached skill level 12 in Unarmed Combat
  8729 | D:8      | Found an opulent altar of Gozag.
  9023 | D:8      | Reached XP level 10. HP: 59/61 MP: 11/11
 10208 | D:9      | Reached skill level 13 in Unarmed Combat
 10490 | D:9      | Found a shattered altar of Ashenzari.
 11266 | D:9      | Found a blossoming altar of Fedhas.
 11367 | D:9      | Found a radiant altar of Vehumet.
 11691 | D:10     | Entered Level 10 of the Dungeon
 11726 | D:10     | Noticed a hill giant
 11763 | D:10     | Noticed a hill giant
 11780 | D:10     | Killed a hill giant
 11780 | D:10     | Received a gift from Okawaru
 11780 | D:10     | Reached XP level 11. HP: 69/69 MP: 12/12
 11903 | D:10     | Killed a hill giant
 11970 | D:10     | Noticed a hill giant
 11981 | D:10     | Killed a hill giant
 11981 | D:10     | Reached skill level 14 in Unarmed Combat
 12048 | D:10     | Found a staircase to the Orcish Mines.
 12067 | D:10     | Reached skill level 1 in Throwing
 12096 | D:10     | Acquired Okawaru's second power
 12801 | Lair:1   | Entered Level 1 of the Lair of Beasts
 12972 | Lair:1   | Noticed a five-headed hydra
 12989 | Lair:1   | Killed a five-headed hydra
 13109 | Lair:1   | Received a gift from Okawaru
 13162 | Lair:1   | Noticed asdu's ghost (experienced DsWn)
 13193 | Lair:1   | Killed asdu's ghost
 14098 | Lair:1   | Reached skill level 5 in Throwing
 14162 | Lair:1   | Learned a level 1 spell: Animate Skeleton
 14164 | Lair:1   | Learned a level 1 spell: Apportation
 14293 | Lair:2   | Reached skill level 10 in Dodging
 14557 | Lair:2   | Reached XP level 12. HP: 66/76 MP: 13/13
 15617 | Lair:2   | Got a wizard robe
 16158 | Lair:3   | Identified the +1 robe "Ruoh" {rPois MP+9 Int+2} (You found it on level 2 of the Lair of Beasts)
 16235 | Lair:3   | Noticed a five-headed hydra
 16249 | Lair:3   | Killed a five-headed hydra
 16260 | Lair:3   | Got a smelly ring mail
 16467 | Lair:3   | Reached skill level 10 in Fighting
 17172 | Lair:4   | Noticed Nergalle
 17716 | Lair:4   | Received a gift from Okawaru
 17773 | Lair:4   | Received a gift from Okawaru
 17868 | Lair:4   | Noticed Maud
 17953 | Lair:4   | Killed Maud
 17953 | Lair:4   | Reached skill level 15 in Unarmed Combat
 17980 | Lair:4   | Reached XP level 13. HP: 67/83 MP: 14/14
 18088 | Lair:4   | Killed Nergalle
 18495 | Lair:4   | Noticed a six-headed hydra
 18559 | Lair:4   | Killed a six-headed hydra
 18559 | Lair:4   | Received a gift from Okawaru
 18716 | Lair:4   | Noticed a death yak
 18763 | Lair:4   | Killed a death yak
 19134 | Lair:5   | Found a staircase to the Snake Pit.
 19164 | Lair:5   | Received a gift from Okawaru
 19203 | Lair:5   | Noticed Nessos
 19235 | Lair:5   | Killed Nessos
 19302 | Lair:5   | Reached skill level 5 in Evocations
 19318 | Lair:5   | Reached skill level 16 in Unarmed Combat
 19339 | Lair:5   | Received a gift from Okawaru
 19468 | Lair:5   | Got an iridescent great mace {god gift}
 19469 | Lair:5   | Identified the +6 great mace of Hoetun {freeze, +Rage} (Okawaru gifted it to you on level 5 of the Lair of Beasts)
 19481 | Lair:5   | Identified the +4 ring mail of Untold Secrets {Contam rElec rN+ Int+2} (You found it on level 3 of the Lair of Beasts)
 20163 | Lair:6   | Found a runed door.
 20394 | Lair:6   | Gained mutation: You can fly continuously. [Tengu growth]
 20394 | Lair:6   | Reached XP level 14. HP: 79/90 MP: 16/18
 20395 | Lair:6   | Found a staircase to the Shoals.
 20732 | Lair:6   | Received a gift from Okawaru
 21392 | Lair:6   | Identified Ygucw's Handbook of Creation
 21660 | Lair:7   | Reached skill level 17 in Unarmed Combat
 22004 | Lair:7   | Identified a scroll of acquirement
 22134 | Lair:7   | Found a viscous altar of Jiyva.
 22135 | Lair:7   | Found a staircase to the Slime Pits.
 22436 | Lair:8   | Entered Level 8 of the Lair of Beasts
 22436 | Lair:8   | Found a glowing golden altar of the Shining One.
 23005 | Lair:8   | Noticed Kirke
 23024 | Lair:8   | Killed Kirke
 23074 | Lair:8   | Received a gift from Okawaru
 23141 | Lair:8   | Reached skill level 1 in Invocations
 23246 | Lair:8   | Reached skill level 1 in Necromancy
 23560 | Lair:8   | Reached XP level 15. HP: 97/97 MP: 19/19
 23618 | Lair:8   | Reached skill level 5 in Necromancy
 24624 | D:11     | Reached skill level 5 in Invocations
 24771 | D:11     | Found a radiant altar of Vehumet.
 25736 | D:12     | Gained mutation: You are resistant to electric shocks. [potion of beneficial mutation]
 26085 | D:13     | Received a gift from Okawaru
 26132 | D:13     | Noticed Josephine
 26164 | D:13     | Killed Josephine
 26536 | D:13     | Found a gate to the Vaults.
 26664 | D:13     | Found Qifag's Antique Weapon Boutique.
 26684 | D:13     | Reached skill level 5 in Stealth
 26757 | D:13     | Noticed Azrael
 26784 | D:13     | Killed Azrael
 26831 | D:13     | Found Veat's Weapon Shoppe.
 27280 | D:13     | Found Ibruruc's General Store.
 27284 | D:13     | Bought a fan of gales for 440 gold pieces
 27465 | D:14     | Reached skill level 18 in Unarmed Combat
 27521 | D:14     | Noticed Snorg
 27537 | D:14     | Killed Snorg
 27894 | D:14     | Noticed Louise
 27952 | D:14     | Received a gift from Okawaru
 27988 | D:14     | Got a steaming hunting sling {god gift}
 27989 | D:14     | Identified the +4 hunting sling of Defiance {venom, rPois rC+} (Okawaru gifted it to you on level 14 of the Dungeon)
 28267 | Snake:1  | Entered Level 1 of the Snake Pit
 28296 | Snake:1  | Found Ycoicwitt's Gadget Emporium.
 28318 | Snake:1  | Reached XP level 16. HP: 95/103 MP: 19/22
 28527 | Snake:1  | Found Larghel's Magic Scroll Boutique.
 28540 | Snake:1  | Bought a scroll of identify for 28 gold pieces
 28540 | Snake:1  | Bought a scroll of identify for 28 gold pieces
 28540 | Snake:1  | Bought a scroll of identify for 28 gold pieces
 28815 | Snake:1  | Found Wimak's Food Shoppe.
 29047 | Snake:2  | Found Ikumy's General Store.
 29047 | Snake:2  | Noticed Jorgrun
 29057 | Snake:2  | Killed Jorgrun
 29057 | Snake:2  | Received a gift from Okawaru
 29087 | Snake:2  | Bought the ring of Uciw {Contam Str+4 Dex+7 Slay+2 SInv} for 958 gold pieces
 29136 | Snake:2  | Found Henolay's General Store.
 29143 | Snake:2  | Noticed Aizul
 29161 | Snake:2  | Your ally Jorgrun died
 29163 | Snake:2  | Received a gift from Okawaru
 29169 | Snake:2  | Killed Aizul
 29172 | Snake:2  | Found Bilockets's General Store.
 29354 | Snake:2  | Noticed Asterion
 29378 | Snake:2  | Killed Asterion
 29378 | Snake:2  | Reached skill level 19 in Unarmed Combat
 29381 | Snake:2  | Asterion (ally) was killed
 29406 | Snake:2  | Received a gift from Okawaru
 29439 | Snake:2  | Received a gift from Okawaru
 29559 | Snake:2  | Bought an uncursed ring of protection from magic for 275 gold pieces
 29752 | Snake:2  | Found Toenu's Food Shop.
 29955 | Snake:2  | Gained mutation: Your body sometimes deteriorates upon taking damage. [a Zot trap]
 29955 | Snake:2  | Gained mutation: Your magical capacity is low (-10% MP). [a Zot trap]
 30480 | Snake:3  | Reached XP level 17. HP: 95/110 MP: 21/21
 31090 | Snake:4  | Entered Level 4 of the Snake Pit
 31093 | Snake:4  | Reached skill level 15 in Dodging
 31386 | Orc:1    | Entered Level 1 of the Orcish Mines
 31539 | Orc:2    | Noticed Maurice
 31539 | Orc:2    | Noticed Urug
 31545 | Orc:2    | Killed Maurice
 31586 | Orc:2    | Found a flagged portal.
 31792 | Orc:2    | Killed Urug
 31905 | Orc:1    | Reached skill level 20 in Unarmed Combat
 31969 | Orc:1    | Found Ackeyg's Magic Scroll Boutique.
 31977 | Orc:1    | Bought a scroll of identify for 24 gold pieces
 31977 | Orc:1    | Bought a scroll of identify for 24 gold pieces
 32095 | Orc:1    | Noticed Gastronok
 32154 | Orc:1    | Killed Gastronok
 32354 | Orc:3    | Noticed Harold
 32371 | Orc:3    | Killed Harold
 32592 | Orc:3    | Found a bloodstained altar of Trog.
 32991 | Orc:3    | Noticed Rupert
 32996 | Orc:3    | Found Plog's Book Shoppe.
 33010 | Orc:3    | Killed Rupert
 33010 | Orc:3    | Received a gift from Okawaru
 33028 | Orc:3    | Bought a book of Minor Magic for 280 gold pieces
 33031 | Orc:3    | Learned a level 2 spell: Blink
 33034 | Orc:3    | Learned a level 2 spell: Repel Missiles
 33049 | Orc:3    | Bought a book of Necromancy for 420 gold pieces
 33410 | Orc:4    | Entered Level 4 of the Orcish Mines
 33435 | Orc:4    | Gained mutation: You expend magic power (3 MP) to strengthen your wands. [a neqoxec]
 33562 | Orc:4    | Found a staircase to the Elven Halls.
 33612 | Orc:4    | Reached skill level 1 in Spellcasting
 33617 | Orc:4    | Reached skill level 1 in Air Magic
 33686 | Orc:4    | Found Maicw's Magic Scroll Emporium.
 33686 | Orc:4    | Found Foxzahef's Book Shop.
 33748 | Orc:4    | Found Bewuaw's General Store.
 33750 | Orc:4    | Found Mokisuteby's General Store.
 33758 | Orc:4    | Reached skill level 1 in Charms
 33801 | Orc:4    | Learned a level 3 spell: Regeneration
 34677 | Snake:4  | Noticed Saint Roka
 34694 | Snake:4  | Killed Saint Roka
 34694 | Snake:4  | Received a gift from Okawaru
 34863 | Snake:4  | Your ally Saint Roka died
 34955 | Snake:4  | Received a gift from Okawaru
 34955 | Snake:4  | Reached skill level 5 in Air Magic
 34998 | Snake:4  | Received a gift from Okawaru
 35160 | Snake:4  | Received a gift from Okawaru
 35395 | Snake:4  | Reached skill level 5 in Charms
 35496 | Snake:4  | Reached XP level 18. HP: 90/116 MP: 22/22
 35499 | Snake:4  | Received a gift from Okawaru
 36032 | Snake:4  | Got a serpentine rune of Zot
 36958 | Shoals:1 | Entered Level 1 of the Shoals
 37784 | Shoals:2 | Received a gift from Okawaru
 37873 | Shoals:2 | Reached skill level 1 in Armour
 37999 | Shoals:2 | Found Jarah's Book Shop.
 38125 | Shoals:2 | Noticed Roxanne
 38637 | Shoals:3 | Noticed Viceroy's ghost (mighty MiFi)
 38638 | Shoals:3 | Found Addoff's Antique Armour Shop.
 38663 | Shoals:3 | Killed Viceroy's ghost
 38686 | Shoals:3 | Bought an encrusted leather armour for 210 gold pieces
 38702 | Shoals:3 | Identified the +3 leather armour of a bailey {rPois rF- Str+2 Dex+2} (You bought it in a shop on level 3 of the Shoals)
 39169 | Shoals:4 | Entered Level 4 of the Shoals
 39189 | Shoals:4 | Noticed Polyphemus
 39211 | Shoals:4 | Killed Polyphemus
 39259 | Shoals:4 | Got a scorched ring mail
 39270 | Shoals:4 | Identified the +3 ring mail of Hospitality {Contam rPois rF+++ MP+9} (You found it on level 4 of the Shoals)
 39383 | Shoals:4 | Reached skill level 5 in Armour
 39404 | Shoals:4 | Reached XP level 19. HP: 104/122 MP: 22/22
 39445 | Shoals:4 | Got a barnacled rune of Zot
 39660 | Shoals:4 | Received a gift from Okawaru
 39699 | Shoals:4 | Got a brightly glowing fire dragon armour
 39700 | Shoals:4 | Identified the +6 fire dragon armour of the Untouchables {rPois rF++ rC- Str+2 Dex-3} (You found it on level 4 of the Shoals)
 40035 | Shoals:4 | Noticed Ilsuiw
 40047 | Shoals:4 | Killed Ilsuiw
 40266 | Shoals:4 | Reached skill level 15 in Fighting
 40449 | Shoals:4 | Your ally Ilsuiw died
 41202 | D:14     | Killed Louise
 41440 | D:15     | Entered Level 15 of the Dungeon
 41577 | D:15     | Found a glowing golden altar of the Shining One.
 42073 | D:15     | Found a staircase to the Depths.
 42385 | Vaults:1 | Entered Level 1 of the Vaults
 42548 | Vaults:1 | Received a gift from Okawaru
 42715 | Vaults:1 | Reached skill level 10 in Armour
 43257 | Vaults:1 | Reached XP level 20. HP: 104/130 MP: 23/23
 43507 | Vaults:1 | Received a gift from Okawaru
 43720 | Vaults:1 | Received a gift from Okawaru
 44174 | Orc:3    | Bought a book of Clouds for 630 gold pieces
 44181 | Orc:3    | Learned a level 6 spell: Freezing Cloud
 44299 | Lair:1   | Learned a level 4 spell: Animate Dead
 44305 | Lair:1   | Learned a level 5 spell: Dispel Undead
 45279 | Vaults:2 | Noticed Margery
 45303 | Vaults:2 | Killed Margery
 45320 | Vaults:2 | Your ally Margery died
 45547 | Vaults:2 | Got a faintly glowing ring mail
 45988 | Vaults:2 | Found a staircase to the Crypt.
 46396 | Vaults:3 | Received a gift from Okawaru
 46402 | Vaults:3 | Got a slimy ring mail {god gift}
 46573 | Vaults:3 | Found Dysuk's Jewellery Shop.
 46589 | Vaults:3 | Found a white marble altar of Elyvilon.
 46597 | Vaults:3 | Got a slimy golden amulet
 46669 | Vaults:3 | Reached skill level 5 in Spellcasting
 46669 | Vaults:3 | Reached skill level 10 in Necromancy
 46724 | Vaults:3 | Reached XP level 21. HP: 132/135 MP: 26/26
 47086 | Orc:4    | Bought a scroll of identify for 26 gold pieces
 47090 | Orc:4    | Bought a scroll of identify for 36 gold pieces
 47090 | Orc:4    | Bought a scroll of identify for 36 gold pieces
 47090 | Orc:4    | Identified the amulet "Xecidok" {Stasis +Fly Int+3} (You found it on level 3 of the Vaults)
 47094 | Orc:4    | Identified the +1 ring mail of Songen {rCorr Int+4 Dex+4 Stlth+} (Okawaru gifted it to you on level 3 of the Vaults)
 47095 | Orc:4    | Identified the +5 ring mail of the Present {rC++ MR+ Stlth-} (You found it on level 2 of the Vaults)
 47555 | Vaults:3 | Found Wuchu's Gadget Shop.
 47558 | Vaults:3 | Found Taatzos's Magic Scroll Boutique.
 48581 | Vaults:4 | Found a flickering gateway to a bazaar.
 48596 | Bazaar   | Entered a bazaar
 48596 | Bazaar   | Found Biresof's Jewellery Shoppe.
 48596 | Bazaar   | Found Meutey's Food Boutique.
 48596 | Bazaar   | Found Quuwinku's Assorted Antiques.
 48596 | Bazaar   | Found Omixut's Weapon Shop.
 48598 | Bazaar   | Found Guicwi's Book Emporium.
 48650 | Bazaar   | Bought an uncursed ring of protection from cold for 300 gold pieces
 48672 | Bazaar   | Bought a scroll of identify for 56 gold pieces
 48672 | Bazaar   | Bought a scroll of identify for 56 gold pieces
 48672 | Bazaar   | Bought a scroll of identify for 56 gold pieces
 49197 | Vaults:4 | Received a gift from Okawaru
 49859 | Vaults:4 | Learned a level 5 spell: Silence
 49935 | Vaults:4 | Reached skill level 1 in Hexes
 50205 | Crypt:1  | Entered Level 1 of the Crypt
 50378 | Crypt:1  | Received a gift from Okawaru
 50616 | Crypt:1  | HP: 1/135 [jiangshi (17)]
 50616 | Crypt:1  | Mangled by a jiangshi

Vault maps used:
D:1:      nicolae_arrival_somewhat_less_tricky_arrival, st_stairs_4,
          item_on_display_a
D:2:      uniq_iyjb
D:3:      nemelex_deck
D:4:      uniq_duvessa, uniq_sigmund
D:5:      first_bread, kennysheep_generic_room_15
D:6:      yredelemnul_forgotten_temple_becter, amethyst_overflow_temple_binary
D:7:      minmay_temple_entry_purple_smoke, serial_shops, shop, uniq_joseph
D:8:      kennysheep_mini, minmay_lair_entry_lava, blue_anna_alchemist
D:9:      overflow_temple_1_default, lemuel_coloured_pillars_altar,
          fedhas_altar_4, special_room
D:10:     erik_orc_4
D:11:     basic_altar
D:12:     kennysheep_decorative_pillar, kennysheep_cross_room
D:13:     david_vaults_4, serial_shops, shop, shop, nicolae_shop_waterfront,
          uniq_azrael, uniq_josephine
D:14:     moated_statue, minmay_misc_feat_tower, uniq_snorg, uniq_louise
D:15:     gammafunk_enter_depths_forms, bh_walls_and_bars,
          nicolae_tso_swordbearing_angel
Temple:   circular_temple_12
Lair:1:   serial_bayou_lagoon_a, lemuel_fruit_tree
Lair:2:   minmay_holes, st_stairs_5, lemuel_fruit_fields, serial_bayou_shore_b,
          serial_bayou_shore_b, grunt_megastairs_1
Lair:4:   minivault_11, beast_lair_carwin_1, uniq_maud, uniq_nergalle
Lair:5:   minmay_snake_entry_six_corridors, beast_lair_carwin_5, uniq_nessos
Lair:6:   elwin_shoals_entry_stream, pf_torpor_hydra
Lair:7:   kennysheep_rathole, dpeg_slime_entry_enclosed_altar,
          grunt_megastairs_4
Lair:8:   grunt_lair_end_beastmaster, basic_altar, uniq_kirke
Shoals:2: nicolae_shoals_c_island, uniq_roxanne
Shoals:3: serial_shops, nicolae_shop_window_shopping
Shoals:4: shoals_end_simple, shoals_ilsuiw_alternative, uniq_polyphemus
Snake:1:  serial_shops, nicolae_shop_crystal, nicolae_shop_window_shopping,
          nicolae_shop_competitors_out_of_business,
          nicolae_snake_round_shape_thing, serial_bayou_ford_a,
          grunt_ministairs_2, nicolae_snake_lava_pool
Snake:2:  serial_shops, shop, nicolae_shop_temple_entry_statues_fountains,
          nicolae_shop_crystal, shop, st_stairs_9, uniq_aizul, uniq_asterion,
          uniq_jorgrun
Snake:4:  grunt_snake_rune_pools, uniq_saint_roka
Orc:1:    serial_shops, shop, uniq_gastronok
Orc:2:    enter_bailey_2, nicolae_orc_stony_grotto, uniq_maurice, uniq_urug
Orc:3:    basic_altar, serial_shops, shop_statue, nicolae_orc_pool_cavern,
          statue_in_the_mist_lemuel, uniq_harold, uniq_rupert
Orc:4:    st_orc_rangers
Vaults:1: v_misc_12, vaults_room_large_hall, hangedman_vaults_slice,
          grunt_vaults_swirl, dpeg_vaults_monster_box, v_misc_16,
          vaults_mumra_minichess, v_misc_17, nicolae_vaults_little_squares_4,
          vaults_room_boxed
Vaults:2: minmay_crypt_entry_simple_box, v_rooms_3,
          nicolae_vaults_twisting_passages, nicolae_vaults_statue_guard,
          nicolae_vaults_asterisk, vaults_room_corners, v_misc_30,
          hangedman_vaults_corner, uniq_margery
Vaults:3: v_misc_29, v_misc_26, vaults_dpeg_diagonal, st_smaller_cells,
          v_misc_11, vaults_room_door_ring, v_misc_12, hangedman_vaults_nails,
          nicolae_vaults_big_angled_halls, hangedman_vaults_capsules,
          basic_altar, serial_shops, nicolae_shop_statue_plus, shop, shop
Vaults:4: nicolae_vaults_what_the_h, grunt_vaults_funnel,
          nicolae_vaults_windows_and_doors_thing, vaults_dpeg_spiral,
          vaults_mumra_chevron_long, ontoclasm_vaults_misaligned,
          hangedman_vaults_slither, hangedman_vaults_variations, v_misc_14,
          dpeg_vaults_monster_row, serial_shops, freezing_bzr
Crypt:1:  basic_altar, grunt_crypt_arrival_guarded_gate, uniq_donald
Bazaar:   bazaar_minmay_generic_island

Action                   |  1- 3 |  4- 6 |  7- 9 | 10-12 | 13-15 | 16-18 | 19-21 || total
-------------------------+-------+-------+-------+-------+-------+-------+-------++-------
Melee: Unarmed           |    58 |   125 |   339 |   672 |  1535 |  1400 |  1805 ||  5934
 Fire: Hunting sling     |       |    32 |    25 |       |       |       |       ||    57
       Blowgun           |       |       |       |    17 |     2 |       |       ||    19
Throw: Stone             |    23 |     1 |     3 |       |       |       |       ||    27
       Tomahawk          |       |       |       |    55 |    27 |       |       ||    82
       Javelin           |       |       |       |    71 |    37 |    72 |    36 ||   216
       Throwing net      |       |       |       |       |       |       |     1 ||     1
 Cast: Animate Skeleton  |       |       |       |     3 |    46 |    91 |    53 ||   193
       Apportation       |       |       |       |       |     2 |     1 |       ||     3
       Regeneration      |       |       |       |       |       |    34 |    55 ||    89
       Repel Missiles    |       |       |       |       |       |     6 |     9 ||    15
       Animate Dead      |       |       |       |       |       |       |    22 ||    22
       Dispel Undead     |       |       |       |       |       |       |     2 ||     2
Invok: Heroism           |       |       |     2 |     7 |    10 |    14 |     9 ||    42
       Finesse           |       |       |       |       |       |     2 |       ||     2
 Abil: Fly               |       |       |    16 |    38 |    17 |     1 |     1 ||    73
       Stop Flying       |       |       |       |       |       |     1 |     1 ||     2
Evoke: Wand              |       |       |       |     4 |    10 |     7 |    10 ||    31
       Lamp of fire      |       |       |       |     2 |     1 |     3 |     2 ||     8
       Phantom mirror    |       |       |       |       |       |     2 |       ||     2
  Use: Scroll            |       |     5 |     8 |    16 |    18 |     9 |     8 ||    64
       Potion            |       |     1 |     1 |     3 |     3 |     5 |     1 ||    14
 Stab: Sleeping          |     2 |     4 |     5 |    14 |    12 |    15 |    15 ||    67
       Fleeing           |       |       |     1 |       |       |       |       ||     1
       Distracted        |       |       |       |     2 |     9 |    16 |    15 ||    42
       Paralysed         |       |       |       |       |     1 |       |       ||     1
       Petrifying        |       |       |       |       |       |     1 |       ||     1
       Invisible         |       |       |       |       |       |       |     8 ||     8
       Held in net/web   |       |       |       |       |       |       |     1 ||     1
  Eat: Chunk             |     1 |     9 |    12 |    14 |    23 |    22 |    40 ||   121
       Royal jelly       |       |       |     1 |     9 |     2 |     1 |       ||    13
       Beef jerky        |       |       |     2 |       |     3 |       |       ||     5
       Fruit             |       |       |       |     2 |     8 |     9 |     4 ||    23
       Pizza             |       |       |       |     1 |     3 |     3 |     1 ||     8
       Bread ration      |       |       |       |       |       |     4 |     2 ||     6
